 Dungeon Crawl Stone Soup version 0.22.1-6-g1668fe2c40 (webtiles) character file.

47 Kohma the Stinger (level 3, -1/28 HPs)
             Began as a Naga Venom Mage on Jan 25, 2019.
             Slain by a leopard gecko (2 damage)
             ... on level 2 of the Dungeon.
             The game lasted 00:06:29 (1619 turns).

Kohma the Stinger (Naga Venom Mage)                 Turns: 1619, Time: 00:06:30

Health: -1/28      AC:  5    Str: 11    XL:     3   Next: 70%
Magic:  1/6        EV:  8    Int: 15    God:
Gold:   61         SH:  4    Dex: 11    Spells: 3/6 levels left

rFire    . . .     SeeInvis +   m - +0 spear
rCold    . . .     Gourm    .   (no shield)
rNeg     . . .     Faith    .   s - +0 ring mail
rPois    +         Spirit   .   (no helmet)
rElec    .         Reflect  +   (no cloak)
rCorr    .         Harm     .   f - +1 pair of gloves
MR       .....                  (no barding)
Stlth    +.........             b - +4 amulet of reflection
HPRegen  0.09/turn              (no ring)
MPRegen  0.10/turn              (no ring)

@: short of breath, very slightly contaminated, very slow
A: large, see invisible, deformed body, poison resistance, slowness 2, slow
metabolism 1, spit poison 2, no potion heal 1, AC +1
a: Breathe Poison Gas


You were on level 2 of the Dungeon.
You were not hungry.

You visited 1 branch of the dungeon, and saw 2 of its levels.

You collected 61 gold pieces.

Inventory:

Hand Weapons
 m - a +0 spear (weapon)
 n - a +0 hunting sling
 p - a +0 antimagic short sword
Missiles
 h - 42 stones (quivered)
 i - 36 bolts
 j - 17 sling bullets
Armour
 f - a +1 pair of gloves (worn)
 s - a +0 ring mail (worn)
Jewellery
 b - a +4 amulet of reflection (around neck)
Potions
 d - a potion of invisibility {unknown}
 g - a potion of lignification {unknown}
 l - a potion of mutation
 o - a potion of flight {unknown}
Comestibles
 c - 6 rations


   Skills:
 - Level 1.5 Dodging
 - Level 3.0 Stealth
 - Level 2.0 Spellcasting
 - Level 1.0 Conjurations
 + Level 6.1 Poison Magic


You had 3 spell levels left.
You knew the following spells:

 Your Spells              Type           Power        Failure   Level  Hunger
a - Sting                 Conj/Pois      ##..         13%         1    #......
b - Poisonous Vapours     Pois/Air       ##....       24%         2    ###....

Your spell library contained the following spells:

 Spells                   Type           Power        Failure   Level  Hunger
 Mephitic Cloud           Conj/Pois/Air  #.......     52%         3    ###....
 Olgreb's Toxic Radiance  Pois           ###.....     41%         4    #####..
 Venom Bolt               Conj/Pois      ##........   98%         5    ######.


Dungeon Overview and Level Annotations

Branches:
Dungeon (2/15)

Altars:
Nemelex Xobeh

Annotations:
D:1 1 runed door


Innate Abilities, Weirdness & Mutations

You cannot wear boots.
Your serpentine skin is tough. (AC +1)
You have supernaturally acute eyesight. (SInv)
Armour fits poorly on your strangely shaped body.
Your system is resistant to poisons. (rPois)
You cover ground very slowly.
You have a slow metabolism.
You can exhale a cloud of poison.
Potions are less effective at restoring your health.


Message History

Confirm with . or Enter, or press ? or * to list all spells.
You don't have enough magic to cast that spell.
The leopard gecko barely misses you. The leopard gecko bites you.
* * * LOW HITPOINT WARNING * * *
Okay, then.
Press: ? - help, Shift-Dir - straight line, f - leopard gecko
Aim: a leopard gecko (clinging)
You fail to use your ability.
The leopard gecko bites you.
* * * LOW HITPOINT WARNING * * *
Press: ? - help, Shift-Dir - straight line, f/p - leopard gecko
Aim: a leopard gecko (clinging)
The splash of poison misses the leopard gecko.
You feel slightly more hungry.
The leopard gecko bites you but does no damage.
It was a potion of mutation.
You feel extremely strange.
Your system partially rejects the healing effects of potions.
There is a nasty taste in your mouth for a moment.
The leopard gecko bites you.
You die...

....h............'<.
#... #.........###
#.. ##.......## # #.#
##.....## # #.#
##...## # ##.# ##'##
#..# #.# #.########
##.####### #l#.@....#
#....)....
#.#l####.###...######
#.#.####........#
#.†....#..##....#
###.##.#..##..#.#
#.##.#........#
#.##.......####
#.)....##### ########


You could see a leopard gecko.

Vanquished Creatures
  Natasha (D:2)
  A leopard gecko (D:1)
  A ball python (D:1)
  A giant cockroach (D:2)
  4 goblins
  2 hobgoblins
  3 kobolds
  3 bats (D:1)
  3 frilled lizards (D:1)
  4 rats
23 creatures vanquished.

Notes
Turn   | Place    | Note
-------+----------+-------------------------------------------
     0 | D:1      | Kohma the Naga Venom Mage began the quest for the Orb.
     0 | D:1      | Reached XP level 1. HP: 15/15 MP: 3/3
     1 | D:1      | Found a runed door.
   277 | D:1      | Reached XP level 2. HP: 22/22 MP: 0/5
   281 | D:1      | Learned a level 2 spell: Poisonous Vapours
   510 | D:1      | Reached skill level 5 in Poison Magic
  1453 | D:2      | Found a sparkling altar of Nemelex Xobeh.
  1601 | D:2      | Noticed Natasha
  1604 | D:2      | Noticed a crimson imp
  1614 | D:2      | Killed Natasha
  1614 | D:2      | Reached skill level 6 in Poison Magic
  1614 | D:2      | Reached XP level 3. HP: 4/28 MP: 0/6
  1617 | D:2      | HP: 1/28 [leopard gecko (1)]
  1619 | D:2      | Gained mutation: Potions are less effective at restoring
                  | your health. [potion of mutation]
  1619 | D:2      | Gained mutation: You can exhale a cloud of poison. [potion
                  | of mutation]
  1619 | D:2      | Slain by a leopard gecko

Skill      XL: |  1  2 |
---------------+-------+-----
Poison Magic   | 6 |  6.1
Dodging        | |  1.5
Stealth        | |  3.0
Spellcasting   | |  2.0
Conjurations   | |  1.0

Action                   || total
-------------------------++-------
Melee: Unarmed           ||     1
       Spear             ||    13
       Club              ||     5
       Short sword       ||     4
 Cast: Sting             ||    13
       Poisonous Vapours ||    12
 Abil: Spit Poison       ||     1
  Use: Scroll            ||     3
       Potion            ||     1
 Stab: Sleeping          ||     1
  Eat: Chunk             ||     2
Armor: Robe              ||     3
       Ring mail         ||     2
Dodge: Dodged            ||    13
Block: Other             ||     2
